 Dungeon Crawl Stone Soup version 0.31-a0-344-gd109795599 (webtiles) character file.

Game seed: 1054804710133381842

81 Hajna the Conjurer (level 4, -14/51 HPs)
             Began as a Draconian Conjurer on July 22, 2023.
             Demolished by a polar bear (15 damage)
             ... created by the rage of Trog
             ... on level 3 of the Dungeon.
             The game lasted 00:07:17 (2632 turns).

Hajna the Conjurer (Draconian Conjurer)             Turns: 2632, Time: 00:07:17

Health: -14/51     AC: 22    Str:  8 (9)  XL:     4   Next: 20%
Magic:  0/7        EV:  2    Int: 24      God:
Gold:   95         SH:  0    Dex:  9      Spells: 2/7 levels left

rFire   . . .        c - +0 whip (venom)
rCold   x . .        (no shield)
rNeg    . . .        (body armour unavailable)
rPois   +            (helmet currently unavailable)
rElec   .            (cloak currently unavailable)
rCorr   +            (gloves currently unavailable)
SInv    .            m - melded +1 pair of boots
Will    .....        i - amulet of the Median {Spirit rC- Int+3 Slay+5}
Stlth   ++           h - ring of resist corrosion
HPRegen 0.28/turn    b - ring of wizardry
MPRegen 0.10/turn

%: guardian spirit, wizardry (x1)
@: tree-form, attractive
A: stationary, stasis, torment immunity, boosted hp, AC +5, unfitting armour,
(cold-blooded)
a: no special abilities


You were on level 3 of the Dungeon.
You were a tree.
You visited 1 branch of the dungeon, and saw 3 of its levels.

You collected 95 gold pieces.

Inventory:

Hand Weapons
 c - a +0 whip of venom (weapon)
 n - a +2 sling of draining
Armour
 m - a +1 pair of boots (melded)
Jewellery
 b - a ring of wizardry (right branch)
 h - a ring of resist corrosion (left branch)
 i - the amulet of the Median (around neck) {Spirit rC- Int+3 Slay+5}
   (You found it on level 2 of the Dungeon)

   [amulet of guardian spirit]

   It causes incoming damage to be divided between your reserves of health and
   magic.
   Int:       It affects your intelligence (+3).
   Slay:      It affects your accuracy & damage with ranged weapons and melee
   (+5).
   rC:        It makes you vulnerable to cold.
Scrolls
 d - a scroll of fog
 o - a scroll of revelation
Potions
 a - a potion of magic
 e - a potion of might


   Skills:
 + Level 0.5 Fighting
 + Level 0.1 Maces & Flails
 + Level 2.7 Dodging
 + Level 2.9 Stealth
 + Level 0.4 Unarmed Combat
 - Level 2.0 Spellcasting
 - Level 4.3 Conjurations


You had 2 spell levels left.
You knew the following spells:

 Your Spells              Type           Power      Damage    Failure   Level
a - Magic Dart            Conj           92%        1d7       1%          1
b - Searing Ray           Conj           46%        2d6       1%          2
c - Poisonous Vapours     Pois/Air       4%         N/A       8%          2

Your spell library contained the following spells:

 Spells                   Type           Power      Damage    Failure   Level
 Sandblast                Erth           4%         2d4       4%          1
 Sting                    Tmut/Pois      8%         1d3       4%          1
 Summon Small Mammal      Summ           8%         N/A       4%          1
 Passwall                 Tmut/Erth      1%         N/A       8%          2
 Dazzling Flash           Conj/Hex       24%        N/A       6%          3
 Stone Arrow              Conj/Erth      24%        3d8       6%          3
 Call Canine Familiar     Summ           2%         N/A       14%         3
 Summon Guardian Golem    Hex/Summ       2%         N/A       14%         3
 Fulminant Prism          Conj/Hex       6%         3d7       19%         4
 Iskenderun's Mystic Bla  Conj/Tloc      12%        2d5       19%         4
 Olgreb's Toxic Radiance  Pois           2%         N/A       41%         4


Dungeon Overview and Level Annotations

Branches:
Dungeon (3/15)

Altars:
Gozag
Trog


Innate Abilities, Weirdness & Mutations

You are a tree.
Your roots penetrate the ground, keeping you stationary.
You cannot be teleported.
You are immune to unholy pain and torment.
Your maximum health is greatly increased.
Your equipment is partially melded.
((Your plain brown scales are hard. (AC +5)))
You cannot fit into any form of body armour.
((You are cold-blooded and may be slowed by cold attacks.))


Message History

k - a scroll labelled GEAGOE PIZOO A rat comes into view.
The magic dart hits the rat!
You kill the rat!
You can't see any susceptible monsters within range! (Use Z to cast anyway.)
You can't see any susceptible monsters within range! (Use Z to cast anyway.)
You open the door.
There is an open door here.
There is an open door here.
You see here a rat corpse.
Trog sends monsters to punish you. 2 polar bears and 2 black bears come into view.
As you read the scroll of teleportation, it crumbles to dust.
You feel strangely unstable.
It was a potion of attraction.
You feel attractive to monsters. The polar bear bites you!!
Ouch! That really hurt!
The polar bear closely misses you.
The polar bear claws you but does no damage.
It was a potion of lignification.
You turn into a tree.
Your +1 pair of boots melds into your body.
Your roots penetrate the ground.
You feel strangely stable. The polar bear bites you!!
* * * LOW HITPOINT WARNING * * *
The polar bear claws you but does no damage.
The polar bear claws you.
* * * LOW HITPOINT WARNING * * *
The black bear rages.
The polar bear bites you but does no damage.
The polar bear claws you but does no damage. x2
The polar bear bites you but does no damage.
The polar bear claws you but does no damage.
The polar bear claws you.
* * * LOW HITPOINT WARNING * * *
As you read the scroll labelled GEAGOE PIZOO, it crumbles to dust.
It is a scroll of identify.
o - a scroll of revelation The polar bear bites you!
You die...

###.##### ##...## #. #.#
##'## #. #.# #.# ## #.#
#.# ###.### ##.## #.....#
##...## #.#.#.# #.....#
#.#.#.#########...##
#.#....hh♣hh.......#######
#.###.##########.#<.......
#.# #.# #.#########
#.###.# #.# #.....# #.#
####### #.# #. #.


You could see 2 polar bears and 2 black bears.

Vanquished Creatures
  Robin (D:2)
  2 adders
  A dart slug (D:2)
  4 endoplasms
  A giant cockroach (D:2)
  5 hobgoblins
  3 jackals (D:1)
  5 kobolds
  3 quokkas (D:2)
  2 ball pythons
  A bat (D:1)
  2 frilled lizards
  11 goblins
  4 rats
45 creatures vanquished.

Notes
Turn   | Place    | Note
-------+----------+-------------------------------------------
     0 | D:1      | Hajna the Draconian Conjurer began the quest for the Orb.
     0 | D:1      | Reached XP level 1. HP: 14/14 MP: 3/3
   275 | D:1      | Reached XP level 2. HP: 20/20 MP: 1/5
   327 | D:1      | Learned a level 2 spell: Searing Ray
   349 | D:1      | Learned a level 2 spell: Poisonous Vapours
   352 | D:1      | Found a faded altar of an unknown god.
   391 | D:1      | Prayed at the altar of an unknown god.
   391 | D:1      | Became a worshipper of Trog the Wrathful
   391 | D:1      | Reached * piety under Trog
   393 | D:1      | Fell from the grace of Trog
  1139 | D:2      | Noticed Robin
  1211 | D:2      | Killed Robin
  1212 | D:2      | Reached XP level 3. HP: 15/26 MP: 0/6
  1422 | D:2      | Identified the amulet of the Median {Spirit rC- Int+3
                  | Slay+5}
  1797 | D:2      | Reached XP level 4. HP: 34/34 MP: 5/7
  2026 | D:2      | Noticed a polar bear
  2026 | D:2      | Noticed a black bear
  2026 | D:2      | Noticed a polar bear
  2026 | D:2      | Noticed a polar bear
  2026 | D:2      | Noticed a black bear
  2427 | D:3      | Found an opulent altar of Gozag.
  2629 | D:3      | Noticed a polar bear
  2629 | D:3      | Noticed a black bear
  2629 | D:3      | Noticed a polar bear
  2629 | D:3      | Noticed a black bear
  2631 | D:3      | HP: 2/51 [polar bear[the rage of Trog] (2)]
  2632 | D:3      | Demolished by a polar bear

Illustrated notes

Levels and vault maps discovered:
D:1:      minmay_arrival_loop, layout_loops_ring,
          hellmonk_ecumenical_altar_slurped_away, nrook_uturn
D:2:      layout_loops_ring, uniq_robin
D:3:      layout_loops_corners, zin_angel, mainiacjoe_overflow_cross_hatched,
          feat_on_display

Skill      XL: |  1  2 |
---------------+-------+-----
Stealth        | 2 |  2.9
Dodging        | 2 |  2.7
Fighting       | |  0.5
Maces & Flails | |  0.1
Unarmed Combat | |  0.4
Spellcasting   | |  2.0
Conjurations   | |  4.3

Action                     |  1- 3 |  4- 6 || total
---------------------------+-------+-------++-------
  Melee: Unarmed           |    18 |       ||    18
         Tailslap          |     8 |       ||     8
         Punch             |     2 |       ||     2
         Whip              |    15 |       ||    15
   Cast: Magic Dart        |    60 |    10 ||    70
         Poisonous Vapours |     2 |       ||     2
         Searing Ray       |     2 |       ||     2
 Invoke: Renounce Religion |     1 |       ||     1
    Use: Potion            |     1 |     5 ||     6
         Scroll            |       |     6 ||     6
 Armour: Skin              |    22 |    15 ||    37
  Dodge: Dodged            |    26 |    13 ||    39

Table legend: (Time is in decaauts)
 A = Elapsed time spent in this place.
 B = Non-inter-level travel time spent in this place.
 C = Inter-level travel time spent in this place.
 D = Time resting spent in this place.
 E = Time spent auto-exploring this place.
 F = Levels seen in this place.
 G = Mean time per level.
                   A        B        C        D        E       F      G
               +--------+--------+--------+--------+--------+-----+--------+
         Total |   2634 |   2534 |    100 |      0 |   2168 |   3 |  878.0 |
       Dungeon |   2634 |   2534 |    100 |      0 |   2168 |   3 |  878.0 |
               +--------+--------+--------+--------+--------+-----+--------+

Top non-repeatable levels by time:
     D:1: 1319 daAuts
     D:2: 1087 daAuts
     D:3: 227 daAuts
